 Dungeon Crawl Stone Soup version 0.29.1-2-gbd0b4ee654 (webtiles) character file.

Game seed: 2599920989109502257

7869 qeuew the Spear-Bearer (level 11, -5/86 HPs)
             Began as a Merfolk Gladiator on Nov 15, 2022.
             Was a Priest of Okawaru.
             Slain by a brown ugly thing (9 damage)
             ... on level 11 of the Dungeon.
             The game lasted 00:20:35 (15438 turns).

qeuew the Spear-Bearer (Merfolk Gladiator)         Turns: 15438, Time: 00:20:37

Health: -5/86      AC:  8    Str: 20    XL:     11   Next: 22%
Magic:  0/12       EV: 19    Int:  7    God:    Okawaru [***...]
Gold:   1910       SH: 15    Dex: 17    Spells: 10/10 levels left

rFire   . . .      SeeInvis .   p - +3 trident
rCold   . . .      Faith    .   b - +0 kite shield
rNeg    . . .      Spirit   +   x - +3 troll leather armour
rPois   +          Reflect  .   (helmet restricted)
rElec   .          Harm     .   (no cloak)
rCorr   .          Rampage  .   (no gloves)
Will    .....                   (no boots)
Stlth   +++.......              r - amulet of guardian spirit
HPRegen 1.04/turn               t - ring of poison resistance
MPRegen 0.13/turn               (no ring)

@: heroic, marked
A: (nimble swimmer 2), mertail, horns 1, large bone plates 1, strong 1
a: Renounce Religion, Heroism


You were on level 11 of the Dungeon.
You worshipped Okawaru.
Okawaru was most pleased with you.
You visited 2 branches of the dungeon, and saw 12 of its levels.

You collected 1910 gold pieces.

Inventory:

Hand Weapons
 p - a +3 trident (weapon)
Missiles
 j - a throwing net (quivered)
 k - a javelin
Armour
 b - a +0 kite shield (worn)
 x - a +3 troll leather armour (worn)
Jewellery
 r - an amulet of guardian spirit (around neck)
 t - a ring of poison resistance (left hand)
Wands
 d - a wand of polymorph (12)
 f - a wand of quicksilver (5)
 q - a wand of paralysis (11)
Scrolls
 e - 5 scrolls of identify
 h - 9 scrolls of teleportation
 i - 3 scrolls of blinking
 m - a scroll of amnesia
 s - a scroll of magic mapping
 u - a scroll of fear
Potions
 a - a potion of resistance
 c - a potion of might
 g - 2 potions of brilliance
 l - a potion of haste
 n - 3 potions of curing
 o - a potion of ambrosia
 v - 2 potions of flight


   Skills:
 * Level 7.9(12.9) Fighting
 + Level 9.8(14.8) Polearms
 + Level 7.0(12.0) Throwing
 * Level 5.0(10.0) Armour
 + Level 9.8(14.8) Dodging
 * Level 3.0(8.0) Shields
 * Level 1.3 Invocations
 + Level 6.5 Evocations


You had 10 spell levels left.
You didn't know any spells.
Your spell library contained the following spells:

 Spells                   Type           Power      Damage    Failure   Level
 Blink                    Tloc           0%         N/A       89%         2
 Sublimation of Blood     Necr           0%         N/A       89%         2
 Wereblood                Tmut           0%         N/A       89%         2
 Inner Flame              Hex/Fire       0%         N/A       98%         3
 Lesser Beckoning         Tloc           0%         N/A       98%         3
 Cause Fear               Hex            0%         N/A       100%        4
 Corpse Rot               Necr/Pois/Air  0%         N/A       100%        4
 Dispel Undead            Necr           0%         3d6       100%        4
 Fireball                 Conj/Fire      0%         3d3       100%        5
 Iskenderun's Battlesphe  Conj           0%         2d6       100%        5
 Manifold Assault         Tloc           0%         N/A       100%        5
 Conjure Ball Lightning   Conj/Air       0%         3x3d6     100%        6
 Orb of Destruction       Conj           0%         9d5       100%        7
 Discord                  Hex            0%         N/A       100%        8
 Death Channel            Necr           Unusable   N/A       N/A         6
 Summon Hydra             Summ           Unusable   N/A       N/A         7

Dungeon Overview and Level Annotations

Branches:
Dungeon (11/15)            Temple (1/1) D:7            Lair (0/5) D:11
    Orc (0/2) D:10

Altars:
Ashenzari
Cheibriados
Dithmenos
Elyvilon
Fedhas
Gozag
Hepliaklqana
Kikubaaqudgha
Makhleb
Nemelex Xobeh
Okawaru
Qazlal
Ru
Sif Muna
Trog
Uskayaw
Vehumet
Wu Jian
Xom
Yredelemnul
Zin
The Shining One

Shops:
D:3 =   D:5 (


Innate Abilities, Weirdness & Mutations

((You are very nimble when in or above water. (Stealth+, EV+, Speed+++)))
Your lower body shifts to a powerful aquatic tail in water.
You have a pair of small horns on your head.
You are partially covered in large bone plates. (SH +4)
Your muscles are strong. (Str +4, Int/Dex -1)


Message History

The brown ugly thing is moderately wounded.
Something hits you. The brown ugly thing barely misses you.
You hit the brown ugly thing.
The brown ugly thing is moderately wounded.
You block the brown ugly thing's attack.
You puncture the brown ugly thing!
The brown ugly thing is heavily wounded.
Something hits you. Something hits you! The brown ugly thing claws you.
You are splashed with acid!
You closely miss the brown ugly thing.
The brown ugly thing is heavily wounded.
Something hits you.
You block the brown ugly thing's attack.
You puncture the brown ugly thing!
The brown ugly thing is severely wounded.
You block something's attack. The brown ugly thing claws you!
* * * LOW HITPOINT WARNING * * *
You are splashed with acid!
* * * LOW HITPOINT WARNING * * *
Okay, then.
You gain the combat prowess of a mighty hero.
Something hits you.
* * * LOW HITPOINT WARNING * * *
Something barely misses you.
You block the brown ugly thing's attack.
Unknown command.
You puncture the brown ugly thing!
The brown ugly thing is almost dead.
Something hits you!
* * * LOW HITPOINT WARNING * * *
Something hits you.
* * * LOW HITPOINT WARNING * * *
Unknown command.
You completely miss the brown ugly thing.
You headbutt the brown ugly thing, but do no damage.
The brown ugly thing is almost dead.
Something hits you.
* * * LOW HITPOINT WARNING * * *
The brown ugly thing claws you!
You die...

####...#........#
...#...#........#.......
...#...#######+##.......
...#............#.......
...#............#.......
...#........)...#.......
.#+#######......#.......
.....#...#......#u......
.....'...'......@{......
^....#...#......#.......
##...#...#......#.......
.#^..#...#......###+####
.'...#...#......#
.#...#...######## ######
.#...#....


##PPPPP## .#...#..... #..PPPPP# .#...# #####......P# You could see a brown ugly
thing.

Vanquished Creatures
  2 two-headed ogres (D:10)
  The ghost of snek11 the Skirmisher, a novice DEHu of Ashenzari (D:5)
  A komodo dragon (D:11)
  Grinder (D:3)
  A troll (D:9)
  Sigmund (D:2)
  2 wyverns (D:9)
  3 yaks (D:9)
  2 wraiths
  Eustachio (D:4)
  2 acid dragons
  A water moccasin (D:7)
  The ghost of cdecastro the Vexing, an amateur VSEn (D:3)
  3 ice beasts
  A sky beast (D:6)
  5 orc warriors
  4 black bears
  A centaur (D:9)
  A phantom (D:6)
  A necrophage (D:7)
  A kobold brigand (D:6)
  A gnoll sergeant (D:9)
  4 scorpions
  3 bullfrogs
  14 wights
  4 killer bees (D:10)
  2 howler monkeys
  A jelly (D:6)
  3 orc priests
  2 hounds
  Ijyb (D:4)
  A bullfrog skeleton (D:3)
  Terence (D:2)
  3 iguanas
  Natasha (thrice) (D:3)
  10 orc wizards
  A killer bee zombie (D:3)
  Robin (D:3)
  4 gnolls (D:9)
  10 adders
  10 river rats (D:6)
  A shadow imp (D:8)
  2 white imps
  An ufetubus (D:7)
  4 dart slugs
  43 orcs
  5 ball pythons
  9 endoplasms
  6 giant cockroaches
  14 goblins
  8 hobgoblins
  6 quokkas
  12 bats
  4 frilled lizards
  8 kobolds
  19 rats
257 creatures vanquished.

Vanquished Creatures (others)
  10 plants
10 creatures vanquished.

Grand Total: 267 creatures vanquished

Notes
Turn   | Place    | Note
-------+----------+-------------------------------------------
     0 | D:1      | qeuew the Merfolk Gladiator began the quest for the Orb.
     0 | D:1      | Reached XP level 1. HP: 16/16 MP: 1/1
   157 | D:1      | Reached XP level 2. HP: 23/23 MP: 2/2
   330 | D:1      | Reached XP level 3. HP: 28/28 MP: 3/3
   340 | D:1      | Found a faded altar of an unknown god.
   678 | D:1      | Gained mutation: Your muscles are strong. (Str +4, Int/Dex
                  | -1) [potion of mutation]
   678 | D:1      | Gained mutation: You are partially covered in large bone
                  | plates. (SH +4) [potion of mutation]
   678 | D:1      | Gained mutation: You have a pair of small horns on your
                  | head. [potion of mutation]
   751 | D:2      | Noticed Sigmund
  1069 | D:2      | Killed Sigmund
  1070 | D:2      | Reached skill level 5 in Polearms
  1070 | D:2      | Reached skill level 1 in Armour
  1070 | D:2      | Reached skill level 1 in Evocations
  1070 | D:2      | Reached XP level 4. HP: 11/35 MP: 4/4
  1070 | D:2      | Reached XP level 5. HP: 14/41 MP: 5/5
  1356 | D:2      | Reached skill level 5 in Dodging
  1513 | D:2      | Noticed Terence
  1518 | D:2      | Killed Terence
  1519 | D:2      | Reached XP level 6. HP: 44/47 MP: 6/6
  1963 | D:3      | Found a sacrificial altar of Ru.
  1965 | D:3      | Found a blossoming altar of Fedhas.
  1973 | D:3      | Noticed Natasha
  1974 | D:3      | Noticed Grinder
  1979 | D:3      | Paralysed by Grinder for 4 turns
  1987 | D:3      | Killed Grinder
  1988 | D:3      | Reached XP level 7. HP: 7/53 MP: 7/7
  1988 | D:3      | Killed Natasha
  2334 | D:3      | Noticed Robin
  2354 | D:3      | Killed Robin
  2441 | D:3      | Noticed Natasha
  2445 | D:3      | Killed Natasha
  2583 | D:3      | Noticed Natasha
  2594 | D:3      | Killed Natasha
  2778 | D:3      | Found Ruselim's Jewellery Shoppe.
  2959 | D:3      | Found a transporter.
  2959 | D:3      | Noticed cdecastro's ghost (amateur VSEn)
  2988 | D:3      | Found a transporter.
  3090 | D:3      | Identified a scroll of acquirement
  3090 | D:3      | Acquired 1240 gold pieces
  3224 | D:3      | Killed cdecastro's ghost
  3462 | D:4      | Noticed Ijyb
  3491 | D:4      | Killed Ijyb
  3833 | D:4      | Noticed Eustachio
  3848 | D:4      | Killed Eustachio
  3849 | D:4      | Reached XP level 8. HP: 43/61 MP: 8/8
  4409 | D:4      | Identified the +1 robe of Caxzovuul {Fly MP+9 Int+4 Slay+3}
  4903 | D:5      | Entered Level 5 of the Dungeon
  5063 | D:5      | Found Reymuuc's Antique Weapon Shoppe.
  5094 | D:5      | Found a runed translucent door.
  5120 | D:5      | Found a snail-covered altar of Cheibriados.
  5564 | D:5      | Reached skill level 5 in Fighting
  5574 | D:5      | Noticed snek11's ghost (novice DEHu)
  6195 | D:5      | Killed snek11's ghost
  6196 | D:5      | Reached XP level 9. HP: 29/68 MP: 9/9
  6577 | D:6      | Reached skill level 5 in Throwing
  7587 | D:6      | HP: 2/69 [phantom (6)]
  8105 | D:6      | HP: 2/69 [sky beast (6)]
  9158 | D:7      | Reached skill level 5 in Evocations
 10141 | D:7      | Reached XP level 10. HP: 63/77 MP: 10/10
 10243 | D:7      | Found a staircase to the Ecumenical Temple.
 10391 | Temple   | Entered the Ecumenical Temple
 10613 | Temple   | Became a worshipper of Warmaster Okawaru
 12889 | D:9      | Reached * piety under Okawaru
 13512 | D:9      | Reached skill level 1 in Shields
 14036 | D:9      | Found an opulent altar of Gozag.
 14130 | D:9      | Reached ** piety under Okawaru
 14380 | D:10     | Entered Level 10 of the Dungeon
 14405 | D:10     | Found a staircase to the Orcish Mines.
 14485 | D:10     | Noticed a two-headed ogre
 14496 | D:10     | Killed a two-headed ogre
 14605 | D:10     | Found a bloodstained altar of Trog.
 14685 | D:10     | Reached *** piety under Okawaru
 14711 | D:10     | Reached XP level 11. HP: 75/84 MP: 9/11
 14808 | D:10     | Found a broken altar of Ashenzari.
 15112 | D:11     | Noticed a two-headed ogre
 15115 | D:11     | Noticed a boulder beetle
 15126 | D:10     | Killed a two-headed ogre
 15127 | D:10     | Reached skill level 5 in Armour
 15127 | D:10     | Reached skill level 1 in Invocations
 15288 | D:11     | Found a staircase to the Lair.
 15421 | D:11     | Noticed a brown ugly thing
 15438 | D:11     | HP: 4/86 [something (4)]
 15438 | D:11     | Slain by a brown ugly thing

Illustrated notes

Levels and vault maps discovered:
D:1:      onia_arrival_handbag, layout_rooms,
          shapermc_ecumenical_altar_mp_urbaneastern, chequers_arboretum
D:2:      layout_rooms, minmay_misc_feat_room, minmay_hexomino_u4, uniq_terence,
          uniq_sigmund
D:3:      layout_basic, nicolae_overflow_squiral, serial_shops, shop,
          gammafunk_ghost_mausoleum, nicolae_figureground_sparkle, uniq_natasha,
          uniq_grinder, uniq_robin
D:4:      layout_layer_cave, uniq_eustachio, uniq_ijyb
D:5:      layout_gridville, mainiacjoe_overflow_surrounded_room,
          ebering_ghost_sewer_d, serial_shops, nicolae_shop_trees
D:6:      lemuel_ratsnest, layout_cave_pools, kennysheep_generic_room_2
D:7:      layout_gridville, temple_hall, lightli_minifort
D:8:      layout_basic, chequers_garden, minmay_misc_feat_hallway,
          roderic_nine_men_s_morris
D:9:      layout_irregular_city, kennysheep_mini_moat
D:10:     layout_basic, trog_book, old_standard_altar, david_orc_2
D:11:     layout_grid_maze, david_lair_shrubbed, st_stairs_14
Temple:   eino_temple_scatter_basement

Skill      XL: |  1  2  3  4  5  6  7  8  9 10 11 |
---------------+----------------------------------+-----
Fighting       | 3 4 5 6 7 |  7.9
Polearms       | 5 6 7 8 9 |  9.8
Throwing       | 3 4 5 6 7 |  7.0
Armour         | 1 2 3 4 5 |  5.0
Evocations     | 1 2 3 4 5 6 |  6.5
Dodging        | 5 6 7 8 9 |  9.8
Shields        | 2 3 |  3.0
Invocations    | 1 |  1.3

Action                   |  1- 3 |  4- 6 |  7- 9 | 10-12 || total
-------------------------+-------+-------+-------+-------++-------
Melee: Trident           |   111 |    75 |   494 |   350 ||  1030
       Unarmed           |     3 |       |    21 |       ||    24
       Headbutt          |     1 |     4 |    77 |    74 ||   156
       Punch             |       |       |     2 |     1 ||     3
Throw: Throwing net      |     3 |       |       |     4 ||     7
       Javelin           |     1 |       |       |       ||     1
Invok: Heroism           |       |       |       |     1 ||     1
  Use: Scroll            |     6 |     3 |     7 |     8 ||    24
       Potion            |     4 |     1 |     5 |     1 ||    11
 Stab: Sleeping          |     2 |     1 |     1 |       ||     4
       Held in net/web   |       |       |       |     2 ||     2
Armor: Leather armour    |    22 |     7 |    67 |     4 ||   100
       Skin              |       |       |     3 |       ||     3
       Ring mail         |       |       |       |    13 ||    13
       Troll leather arm |       |       |       |    11 ||    11
Dodge: Dodged            |    70 |    28 |   282 |   178 ||   558
Block: Other             |     9 |     4 |    63 |    16 ||    92
       Kite shield       |       |       |       |   112 ||   112
